 Dungeon Sprint DCSS version 0.27.1-1-g398f81649c (webtiles) character file.

Game seed: 10507778352308136115

2753 styxcanada the Imperceptible (level 9, -4/49 HPs)
             Began as a Spriggan Brigand on Sept 17, 2021.
             Was an Initiate of Gozag.
             Killed from afar by a spriggan druid (35 damage)
             ... with a stone arrow
             ... in the Dungeon (Sprint IV: "Fedhas' Mad Dash").
             The game lasted 00:06:00 (828 turns).

styxcanada the Imperceptible (Spriggan Brigand)      Turns: 828, Time: 00:06:00

Health: -4/49      AC:  3    Str:  7    XL:     9   Next: 41%
Magic:  10/10      EV: 25    Int: 13    God:    Gozag
Gold:   1235       SH:  0    Dex: 19    Spells: 8/8 levels left

rFire    . . .     SeeInvis +   o - +0 short sword (speed)
rCold    . . .     Faith    .   (shield restricted)
rNeg     . . .     Spirit   .   b - +0 robe
rPois    .         Reflect  .   (helmet restricted)
rElec    .         Harm     .   c - +0 cloak
rCorr    .         Rampage  .   (gloves unavailable)
Will     +....     NoTele   +   (boots unavailable)
Stlth    ++++++++..             l - amulet of invisibility {+Inv}
HPRegen  0.16/turn              (no ring)
MPRegen  0.12/turn              (no ring)

@: very slightly contaminated, invisible, very quick
A: very small, no large weapons, unfitting armour, see invisible, speed 3
a: Renounce Religion, Evoke Invisibility, Potion Petition, Call Merchant, Bribe
Branch


You were in the Dungeon.
You worshipped Gozag.
Gozag was most pleased with you.
You visited 1 branch You collected 1615 gold pieces.
You spent 380 gold pieces at shops.

Inventory:

Hand Weapons
 a - a +2 dagger
 o - a +0 short sword of speed (weapon)
Missiles
 d - 4 poisoned darts (quivered)
 m - 41 stones
Armour
 b - a +0 robe (worn)
 c - a +0 cloak (worn)
 n - a +0 buckler
Jewellery
 l - the amulet of invisibility (around neck) {+Inv}
   (You found it in the Dungeon)

   [amulet of nothing]

   +Inv:      It lets you turn invisible.
 v - an amulet of regeneration
Wands
 q - a wand of charming (9)
Scrolls
 k - a scroll of blinking
 t - 2 scrolls of amnesia
 u - a scroll of fog
Potions
 f - a potion of curing
 h - a potion of haste
 i - 2 potions of magic
 j - a potion of berserk rage
 p - a potion of mutation
 r - a potion of might
 s - 2 potions of flight


   Skills:
 * Level 6.6 Fighting
 + Level 6.6 Short Blades
 + Level 4.8 Throwing
 * Level 10.2 Dodging
 * Level 22.7 Stealth
 + Level 8.6 Evocations


You had 8 spell levels left.
You didn't know any spells.
Your spell library was empty.

Dungeon Overview and Level Annotations

Branches:
Dungeon (1/1)

Altars:
Cheibriados
Dithmenos
Elyvilon
Gozag
Hepliaklqana
Kikubaaqudgha
Makhleb
Nemelex Xobeh
Okawaru
Qazlal
Ru
Sif Muna
Trog
Uskayaw
Vehumet
Wu Jian
Xom
Yredelemnul
Zin
The Shining One
Beogh
Jiyva
Lugonu

Shops:
D *?[*


Innate Abilities, Weirdness & Mutations

You are very small and have problems with some larger weapons.
You are too small for most types of armour.
You have supernaturally acute eyesight. (SInv)
You cover ground extremely quickly. (Speed+++)


Message History

Press: ? - help, Q - select action, (/) - cycle Shift-Dir - straight line, f/p - spriggan druid
Aim: a spriggan druid, wielding a +0 quarterstaff and wearing a +0 robe (lightly wounded, very poisoned, slow, 42% to hit)
You throw a poisoned dart.
The poisoned dart hits the spriggan druid!
The spriggan druid looks as sick as possible!
The spriggan druid is lightly wounded.
You are hit by a branch!
A root smacks you from below!
Trunks creak and shift.
You are hit by a branch!
* * * LOW HITPOINT WARNING * * *
There is an open door here.
You feel roots moving beneath the ground.
You see here a +1 bardiche of protection.
You feel much better.
The spriggan druid calls out to the beasts of the wild!
A hornet comes into view.
The trees move their gnarly branches around.
Throw: 6 darts (poison)
Press: ? - help, Q - select action, (/) - cycle Shift-Dir - straight line, f/p - spriggan druid
Aim: a spriggan druid, wielding a +0 quarterstaff and wearing a +0 robe (moderately wounded, very poisoned, slow, 42% to hit)
You throw a poisoned dart.
The poisoned dart hits the spriggan druid.
The spriggan druid is moderately wounded.
The hornet buzzes angrily.
The spriggan druid is no longer moving slowly.
The spriggan druid calls out to the beasts of the wild!
There is an open door here.
Throw: 5 darts (poison)
Press: ? - help, Q - select action, (/) - cycle Shift-Dir - straight line, f/p - spriggan druid
Aim: a spriggan druid, wielding a +0 quarterstaff and wearing a +0 robe (heavily wounded, very poisoned, 42% to hit)
You throw a poisoned dart.
The poisoned dart hits the spriggan druid!
The spriggan druid looks as sick as possible!
The spriggan druid is heavily wounded.
The spriggan druid gestures at you while chanting.
The stone arrow hits you!!
Ouch! That really hurt!
You die...
Your body crumbles into a pile of gold.

#<...#.....#.....#.⌠._._._
#PP..'.(...'.#[..'..y._._.
#PPPP#.....#.#...#..._._._
###############'##.._._._.
#...♣........'...#._._._._
#......♣.....#...#########
#.....♣..♣..######♣♣♣♣♣..♣
##'####'######.('......♣.i
#..#....'@..y...#♣..♣♣♣(♣(
#.)#..###..i....#.♣♣.$♣.$$
####### ########## ######


You could see a spriggan druid (extremely poisoned) and a hornet (wandering).

Vanquished Creatures
  2 oklob plants (D)
  3 wandering mushrooms (D)
  3 burning bushes (D)
  A queen bee (D)
  3 scorpions (D)
  3 killer bees (D)
  5 oklob saplings (D)
  2 spriggans (D)
  A river rat (D)
  A rat (D)
24 creatures vanquished.

Vanquished Creatures (collateral kills)
  A killer bee (D)
1 creature vanquished.

Vanquished Creatures (others)
  A fungus (D)
1 creature vanquished.

Grand Total: 26 creatures vanquished

Notes
Turn   | Place    | Note
-------+----------+-------------------------------------------
     0 | D        | styxcanada the Spriggan Brigand began the quest for the
                  | Orb.
     0 | D        | Reached XP level 1. HP: 10/10 MP: 2/2
    13 | D        | Reached skill level 6 in Stealth
    20 | D        | Reached skill level 7 in Stealth
    20 | D        | Reached XP level 2. HP: 15/15 MP: 3/3
    38 | D        | Noticed an oklob sapling
    40 | D        | Killed an oklob sapling
    41 | D        | Reached skill level 9 in Stealth
    41 | D        | Reached XP level 3. HP: 19/19 MP: 4/4
   142 | D        | Noticed a scorpion
   142 | D        | Found the amulet of invisibility {+Inv}
   144 | D        | Killed a scorpion
   145 | D        | Reached skill level 11 in Stealth
   145 | D        | Reached XP level 4. HP: 23/23 MP: 5/5
   167 | D        | Found an opulent altar of Gozag.
   167 | D        | Found a hazy altar of Hepliaklqana.
   167 | D        | Found a burning altar of Makhleb.
   167 | D        | Found a sparkling altar of Nemelex Xobeh.
   167 | D        | Found a snail-covered altar of Cheibriados.
   167 | D        | Found a sacrificial altar of Ru.
   167 | D        | Found a shimmering blue altar of Sif Muna.
   167 | D        | Found a shimmering altar of Xom.
   167 | D        | Found a basalt altar of Yredelemnul.
   168 | D        | Found a viscous altar of Jiyva.
   168 | D        | Found a bloodstained altar of Trog.
   168 | D        | Found an ornate altar of the Wu Jian Council.
   169 | D        | Found an iron altar of Okawaru.
   169 | D        | Found a shadowy altar of Dithmenos.
   169 | D        | Found a glowing silver altar of Zin.
   170 | D        | Found an ancient bone altar of Kikubaaqudgha.
   170 | D        | Found a hide-covered altar of Uskayaw.
   171 | D        | Found a stormy altar of Qazlal.
   171 | D        | Found a white marble altar of Elyvilon.
   171 | D        | Found a glowing golden altar of the Shining One.
   172 | D        | Became a worshipper of Gozag Ym Sagoz the Greedy
   173 | D        | Found a corrupted altar of Lugonu.
   173 | D        | Found a radiant altar of Vehumet.
   177 | D        | Reached skill level 13 in Stealth
   177 | D        | Reached XP level 5. HP: 28/28 MP: 3/6
   232 | D        | Reached skill level 5 in Dodging
   274 | D        | Reached skill level 14 in Stealth
   274 | D        | Reached skill level 1 in Evocations
   275 | D        | Reached skill level 15 in Stealth
   277 | D        | Reached XP level 6. HP: 33/33 MP: 4/7
   316 | D        | Found Waqitiom's Magic Scroll Shop.
   316 | D        | Found Osuuhimo's Assorted Antiques.
   322 | D        | Bought a white potion for 20 gold pieces
   322 | D        | Bought a worn bronze wand for 92 gold pieces
   322 | D        | Bought a golden potion for 20 gold pieces
   323 | D        | Bought a scroll of identify for 24 gold pieces
   323 | D        | Bought a scroll of identify for 24 gold pieces
   323 | D        | Bought a scroll of identify for 24 gold pieces
   376 | D        | Noticed a burning bush
   376 | D        | Noticed a wandering mushroom
   377 | D        | Noticed a wandering mushroom
   380 | D        | Killed a burning bush
   381 | D        | Reached skill level 16 in Stealth
   381 | D        | Killed a wandering mushroom
   382 | D        | Reached skill level 5 in Fighting
   382 | D        | Reached skill level 18 in Stealth
   382 | D        | Reached skill level 5 in Evocations
   382 | D        | Reached XP level 7. HP: 39/39 MP: 5/8
   382 | D        | Killed a wandering mushroom
   383 | D        | Reached skill level 5 in Short Blades
   385 | D        | Reached skill level 19 in Stealth
   398 | D        | Found Ysoyf's Assorted Antiques.
   398 | D        | Found Waankiru's Armour Shoppe.
   403 | D        | Bought 2 sedimented coppery potions for 46 gold pieces
   403 | D        | Bought a scroll labelled JUALOE CONEUSE for 26 gold pieces
   403 | D        | Bought a scroll labelled JUALOE CONEUSE for 26 gold pieces
   403 | D        | Bought a scroll labelled XAUT KIGARACK for 26 gold pieces
   403 | D        | Bought a scroll of identify for 52 gold pieces
   451 | D        | Reached XP level 8. HP: 43/43 MP: 6/9
   457 | D        | Noticed a queen bee
   479 | D        | Killed a queen bee
   549 | D        | Noticed an oklob plant
   552 | D        | Killed an oklob plant
   553 | D        | Reached skill level 20 in Stealth
   564 | D        | Noticed a burning bush
   568 | D        | Killed a burning bush
   569 | D        | Reached skill level 21 in Stealth
   726 | D        | Noticed a burning bush
   726 | D        | Noticed an oklob plant
   727 | D        | Noticed a wandering mushroom
   728 | D        | Killed a burning bush
   729 | D        | Reached XP level 9. HP: 48/48 MP: 7/10
   733 | D        | Killed an oklob plant
   734 | D        | Reached skill level 10 in Dodging
   734 | D        | Reached skill level 22 in Stealth
   737 | D        | Killed a wandering mushroom
   801 | D        | Noticed a spriggan druid
   828 | D        | Killed from afar by a spriggan druid

Illustrated notes

Levels and vault maps discovered:
D:        dungeon_sprint_fedhas [sprint_temple]

Skill      XL: |  1  2  3  4  5  6  7  8  9 |
---------------+----------------------------+-----
Stealth        | 7 9 11 13 15 18 19 21 22 | 22.7
Fighting       | 2 3 5 6 |  6.6
Dodging        | 2 3 4 5 7 8 9 10 | 10.2
Throwing       | 3 4 |  4.8
Short Blades   | 3 4 5 6 |  6.6
Evocations     | 2 5 7 8 |  8.6

Action                   |  1- 3 |  4- 6 |  7- 9 || total
-------------------------+-------+-------+-------++-------
Melee: Dagger            |     7 |    10 |       ||    17
       Short sword       |       |     2 |    28 ||    30
Throw: Dart              |     9 |       |     5 ||    14
 Abil: Evoke Invisibilit |       |     5 |     4 ||     9
  Use: Scroll            |       |     2 |     4 ||     6
       Potion            |       |       |     1 ||     1
 Stab: Sleeping          |     2 |     6 |     9 ||    17
       Invisible         |       |     1 |     5 ||     6
Armor: Robe              |     1 |       |       ||     1
Dodge: Dodged            |     3 |     2 |    16 ||    21
